 Dungeon Sprint DCSS version 0.30-a0-1161-g0704695555 (webtiles) character file.

Game seed: 17327079587676271707

1039 sircluck the Basher (level 8, -2/83 HPs)
             Began as a Minotaur Berserker on Apr 27, 2023.
             Was an Elder of Trog.
             Slain by a catoblepas (26 damage)
             ... in the Dungeon (Sprint IX: "|||||||||||||||||||||||||||||").
             The game lasted 00:02:09 (328 turns).

sircluck the Basher (Minotaur Berserker)             Turns: 328, Time: 00:02:10

Health: -2/83      AC: 12    Str: 27    XL:     8   Next: 4%
Magic:  7/7        EV: 10    Int:  7    God:    Trog [****..]
Gold:   0          SH:  0    Dex: 10    Spells: 7/7 levels left

rFire   . . .        l - +4 quarterstaff (speed)
rCold   . . .        (shield currently unavailable)
rNeg    . . .        n - +1 chain mail
rPois   .            (helmet restricted)
rElec   .            m - +0 cloak
rCorr   .            (no gloves)
SInv    .            (no boots)
Will    .....        (no amulet) Stlth
                     o - +3 ring of strength
HPRegen 0.33/turn    p - +3 ring of intelligence
MPRegen 0.10/turn

%: no teleportation
@: no status effects
A: horns 2, retaliatory headbutt
a: Renounce Religion, Berserk, Trog's Hand, Brothers in Arms


You were in the Dungeon.
You worshipped Trog.
Trog was greatly pleased with you.
You visited 1 branch

Inventory:

Hand Weapons
 a - a +0 mace
 k - a +2 dire flail of holy wrath
 l - a +4 quarterstaff of speed (weapon)
Armour
 b - a +0 animal skin
 m - a +0 cloak (worn)
 n - a +1 chain mail (worn)
Jewellery
 o - a +3 ring of strength (left hand)
 p - a +3 ring of intelligence (right hand)
Wands
 j - a wand of roots (10)
Scrolls
 h - 2 scrolls of blinking
Potions
 c - 5 potions of curing
 d - 3 potions of heal wounds
 e - a potion of haste
 f - 4 potions of magic
 g - a potion of berserk rage
 i - a potion of invisibility


   Skills:
 + Level 12.2 Fighting
 + Level 13.2(14.1) Maces & Flails
 * Level 8.1(11.6) Staves
 + Level 6.6 Armour
 + Level 6.0 Dodging


You had 7 spell levels left.
You didn't know any spells.
Your spell library was empty.

Dungeon Overview and Level Annotations

Branches:
Dungeon (1/1)

Altars:
Cheibriados
Dithmenos
Elyvilon
Fedhas
Gozag
Hepliaklqana
Kikubaaqudgha
Makhleb
Nemelex Xobeh
Okawaru
Qazlal
Ru
Sif Muna
Trog
Uskayaw
Vehumet
Wu Jian
Xom
Yredelemnul
Zin
The Shining One
Jiyva
Lugonu


Innate Abilities, Weirdness & Mutations

You have a pair of horns on your head.
You reflexively headbutt those who attack you in melee.


Message History

You are engulfed in calcifying dust.
The boulder beetle is engulfed in calcifying dust.
The catoblepas gores you!
You are engulfed in calcifying dust.
The boulder beetle is engulfed in calcifying dust.
The catoblepas gores you but does no damage.
You are engulfed in calcifying dust.
The boulder beetle is engulfed in calcifying dust.
The catoblepas gores you but does no damage.
You are engulfed in calcifying dust.
The boulder beetle is engulfed in calcifying dust.
The catoblepas breathes a plume of calcifying dust at you.
The blast of calcifying dust hits you.
The blast of calcifying dust hits the boulder beetle.
The catoblepas gores you!
You turn to flesh and can move again.
You sock the catoblepas! You headbutt the catoblepas.
The catoblepas is lightly wounded.
The helpless boulder beetle fails to defend itself.
You hit the boulder beetle but do no damage.
You headbutt the boulder beetle.
The boulder beetle is lightly wounded.
The boulder beetle is no longer petrified.
The catoblepas misses you.
You hit the boulder beetle. You headbutt the boulder beetle.
The boulder beetle is lightly wounded.
The boulder beetle closely misses you. You furiously retaliate!
You headbutt the boulder beetle!
You hit the boulder beetle but do no damage.
The boulder beetle is moderately wounded.
The catoblepas barely misses you.
You sock the catoblepas!
You headbutt the catoblepas, but do no damage.
The catoblepas is moderately wounded.
The boulder beetle bites you!
* * * LOW HITPOINT WARNING * * *
You sock the catoblepas! You headbutt the catoblepas!
The catoblepas is heavily wounded.
The catoblepas gores you!!
You die...

▓.▓
▓.▓
▓.▓
▓c▓
▓c▓
▓C▓
▓Y▓
▓@▓
▓B▓
▓§▓
▓.▓
▓)▓
▓.▓
▓'▓
▓.▓
▓.▓


You could see a catoblepas, a boulder beetle, 2 centaur warriors and a cyclops.

Vanquished Creatures
  3 wraiths (D)
  A wyvern (D)
  An acid dragon (D)
  An orc warrior (D)
  A centaur (D)
  A phantom (D)
  A scorpion (D)
  A hound (D)
  A gnoll (D)
  An adder (D)
  2 endoplasms (D)
  2 hobgoblins (D)
  A rat (D)
17 creatures vanquished.

Notes
Turn   | Place    | Note
-------+----------+-------------------------------------------
     0 | D        | sircluck the Minotaur Berserker began the quest for the
                  | Orb.
     0 | D        | Reached XP level 1. HP: 19/19 MP: 0/0
     7 | D        | Reached skill level 4 in Maces & Flails
     8 | D        | Banished a spatial maelstrom
     9 | D        | Reached ** piety under Trog
    66 | D        | Noticed a hound
    66 | D        | Noticed a phantom
    66 | D        | Noticed a scorpion
    73 | D        | Reached skill level 5 in Fighting
    73 | D        | Reached skill level 5 in Maces & Flails
    73 | D        | Reached XP level 2. HP: 29/29 MP: 1/1
    73 | D        | Killed a scorpion
    73 | D        | Reached *** piety under Trog
    74 | D        | Reached skill level 7 in Maces & Flails
    74 | D        | Reached XP level 3. HP: 38/38 MP: 2/2
    74 | D        | Reached XP level 4. HP: 45/45 MP: 3/3
    82 | D        | Killed a phantom
    83 | D        | Reached skill level 9 in Maces & Flails
    83 | D        | Reached XP level 5. HP: 55/55 MP: 4/4
    92 | D        | Found a snail-covered altar of Cheibriados.
    92 | D        | Found a shadowy altar of Dithmenos.
    92 | D        | Found a white marble altar of Elyvilon.
    92 | D        | Found a blossoming altar of Fedhas.
    92 | D        | Found an opulent altar of Gozag.
    93 | D        | Found a hazy altar of Hepliaklqana.
    94 | D        | Found a viscous altar of Jiyva.
    95 | D        | Found an ancient bone altar of Kikubaaqudgha.
    96 | D        | Found a corrupted altar of Lugonu.
    97 | D        | Found a burning altar of Makhleb.
    98 | D        | Found a sparkling altar of Nemelex Xobeh.
    99 | D        | Found an iron altar of Okawaru.
   100 | D        | Found a stormy altar of Qazlal.
   101 | D        | Found a sacrificial altar of Ru.
   102 | D        | Found a shimmering blue altar of Sif Muna.
   103 | D        | Found a bloodstained altar of Trog.
   104 | D        | Found a hide-covered altar of Uskayaw.
   105 | D        | Found a radiant altar of Vehumet.
   106 | D        | Found an ornate altar of the Wu Jian Council.
   107 | D        | Found a shimmering altar of Xom.
   108 | D        | Found a basalt altar of Yredelemnul.
   109 | D        | Found a glowing silver altar of Zin.
   110 | D        | Found a glowing golden altar of the Shining One.
   159 | D        | Noticed an acid dragon
   159 | D        | Noticed an orc warrior
   159 | D        | Noticed a wyvern
   159 | D        | Noticed a centaur
   159 | D        | Noticed a wraith
   159 | D        | Noticed a wraith
   165 | D        | Killed a wraith
   165 | D        | Reached **** piety under Trog
   166 | D        | Reached skill level 10 in Fighting
   166 | D        | Reached skill level 10 in Maces & Flails
   166 | D        | Reached skill level 5 in Armour
   166 | D        | Reached XP level 6. HP: 66/66 MP: 5/5
   172 | D        | Killed a wraith
   173 | D        | Reached skill level 11 in Maces & Flails
   173 | D        | Reached skill level 5 in Staves
   173 | D        | Reached skill level 5 in Dodging
   177 | D        | Reached skill level 12 in Maces & Flails
   177 | D        | Reached XP level 7. HP: 47/74 MP: 6/6
   182 | D        | Killed a wyvern
   196 | D        | Reached skill level 13 in Maces & Flails
   308 | D        | Noticed a centaur warrior
   308 | D        | Noticed a centaur warrior
   308 | D        | Noticed a cyclops
   308 | D        | Noticed a boulder beetle
   308 | D        | Noticed a catoblepas
   308 | D        | Noticed a wraith
   311 | D        | Killed a wraith
   312 | D        | Reached XP level 8. HP: 83/83 MP: 7/7
   328 | D        | Slain by a catoblepas

Illustrated notes

Levels and vault maps discovered:
D:        linesprint [early_d, line_temple, items_1, d_10, items_2, lair_1,
          lair_end, items_3, orc_1, orc_end, items_4, d_15, swamp_1, shoals_1,
          snake_1, spider_1, d_20, vaults_1, items_5, swamp_end, shoals_end,
          snake_end, spider_end, vaults_end, d_27, items_6, zot_1, zot_end,
          crypt_end, forest_end, elf_end, slime_end, tomb_end, abyss_end,
          pan_hell_end]

Skill      XL: |  1  2  3  4  5  6  7 |
---------------+----------------------+-----
Fighting       | 5 6 8 10 11 12 | 12.2
Maces & Flails | 5 7 9 10 12 13 | 13.2
Armour         | 3 4 5 6 |  6.6
Dodging        | 3 4 5 6 |  6.0
Staves         | 3 5 8 |  8.1

Action                     |  1- 3 |  4- 6 |  7- 9 || total
---------------------------+-------+-------+-------++-------
  Melee: Mace              |    16 |    12 |       ||    28
         Headbutt          |     2 |     2 |    11 ||    15
         Punch             |       |     2 |       ||     2
         Quarterstaff      |       |    14 |    30 ||    44
 Invoke: Berserk           |     1 |     1 |       ||     2
   Stab: Petrified         |       |       |     1 ||     1
 Armour: Animal skin       |       |     2 |       ||     2
         Chain mail        |       |     5 |    12 ||    17
  Dodge: Dodged            |     6 |     7 |    14 ||    27

Table legend: (Time is in decaauts)
 A = Elapsed time spent in this place.
 B = Non-inter-level travel time spent in this place.
 C = Inter-level travel time spent in this place.
 D = Time resting spent in this place.
 E = Time spent auto-exploring this place.
 F = Levels seen in this place.
 G = Mean time per level.
                   A        B        C        D        E       F      G
               +--------+--------+--------+--------+--------+-----+--------+
         Total |    342 |    342 |      0 |    173 |     10 |   1 |  342.0 |
       Dungeon |    342 |    342 |      0 |    173 |     10 |   1 |  342.0 |
               +--------+--------+--------+--------+--------+-----+--------+

Top non-repeatable levels by time:
       D: 342 daAuts
